Map: Rhoskallian LE

Players

IIIIIIIIII

  • Race: Terran Terran
  • League: Diamond
  • Spawn Location: 6:00

Theta

  • Race: Terran Terran
  • League: Diamond
  • Spawn Location: 5:00

Massa - Winner!

  • Race: Terran Terran
  • League: Platinum
  • Spawn Location: 12:00

qqq - Winner!

  • Race: Zerg Zerg
  • Spawn Location: 11:00

VOD

Have the link to the VOD?

Description

Time

  • Played on: March 25, 2021, 4:17 p.m.
  • Length: 12:27
Show
View Real Time Build Order
Export as new Build Order

IIIIIIIIII Terran 

Build Orders:  

Get SALT Encoding   

  12  0:00  SCV  
  13  0:12  SCV  
  14  0:18  Supply Depot  
  14  0:24  SCV  
  15  0:28  Refinery  
  15  0:40  SCV  
  16  0:46  Barracks  
  16  0:52  Refinery  
  16  0:56  SCV  
  17  1:08  SCV  
  18  1:20  SCV  
  19  1:35  Orbital Command  
  19  1:45  Factory, Marine  
  21  2:01  SCV  
  21  2:03  Supply Depot  
  21  2:08  Marine  
  22  2:15  SCV  
  23  2:30  Armory  
  23  2:42  Factory Tech Lab  
  23  2:43  Starport  
  23  2:45  Marine  
  24  2:53  Supply Depot  
  24  2:57  SCV  
  25  3:09  SCV, Marine  
  27  3:17  Thor  
  33  3:20  Medivac  
  35  3:27  Marine  
  36  3:40  Bunker  
  36  3:50  SCV  
  36  3:53  Marine  
  38  4:04  Supply Depot  
  38  4:14  Marine  
  39  4:18  Supply Depot  
  39  4:25  Medivac, Thor  
  47  5:28  Thor  
  22  6:00  Command Center  
  22  6:33  SCV  
  23  6:54  Thor  
  29  7:29  Orbital Command  
  29  7:32  SCV  
  29  7:36  Factory  
  30  7:44  SCV  
  30  7:47  Marine  
  32  8:14  SCV x2  
  32  8:17  Bunker  
  34  8:26  SCV  
  27  9:03  Factory Tech Lab  
  26  9:32  SCV  
  26  9:33  SCV  
  28  9:45  SCV x2  
  30  9:56  Marine  
  30  9:57  SCV x2  
  26  11:15  SCV x2  
  28  11:27  SCV x2  
  29  11:54  Siege Tank  
Show
View Real Time Build Order
Export as new Build Order

Theta Terran 

Build Orders:  

Get SALT Encoding   

  12  0:00  SCV  
  13  0:12  SCV  
  14  0:18  Supply Depot  
  14  0:24  SCV  
  15  0:29  Refinery  
  15  0:44  Barracks  
  15  0:50  SCV  
  15  0:56  Refinery  
  16  1:02  SCV  
  18  1:34  Orbital Command  
  17  1:44  Factory  
  17  1:45  Marine  
  18  2:03  SCV  
  18  2:04  Marine  
  20  2:15  Supply Depot  
  20  2:17  SCV  
  20  2:22  Marine  
  21  2:29  Armory  
  22  2:31  SCV  
  23  2:37  Starport  
  23  2:41  Factory Tech Lab  
  23  2:45  SCV  
  23  2:49  Marine  
  25  3:00  Supply Depot  
  25  3:05  Bunker  
  25  3:25  Thor  
  31  3:33  Medivac  
  33  3:39  Marine  
  34  3:53  SCV  
  35  3:57  Marine  
  35  4:02  Supply Depot  
  36  4:23  Thor  
  42  4:48  Medivac  
  42  4:50  SCV  
  45  4:57  Supply Depot  
  45  5:18  Thor  
  45  5:20  SCV  
  45  5:21  Supply Depot  
  52  5:24  Supply Depot x2  
  51  6:16  Thor  
  51  6:17  Medivac  
  48  6:23  SCV  
  39  6:35  SCV  
  40  6:44  Marine  
  41  6:47  SCV  
  42  6:57  Factory  
  42  6:59  Thor  
  42  7:00  SCV  
  49  7:02  Marine  
  50  7:12  SCV  
  51  7:24  Medivac  
  53  7:38  SCV  
  54  7:50  SCV  
  48  8:37  Thor  
  48  8:38  Medivac  
  53  8:51  Factory Tech Lab  
  36  9:27  Siege Tank  
  39  9:33  SCV  
  40  9:44  Command Center  
  40  9:45  SCV  
  41  9:58  SCV  
  42  10:10  SCV  
  35  10:28  SCV  
  35  10:32  Siege Tank  
  35  10:33  Thor  
  47  10:40  SCV  
  48  10:45  Viking  
  48  10:53  SCV  
  49  10:57  Orbital Command  
  49  11:05  SCV  
  50  11:17  SCV  
  32  11:43  Thor  
Show
View Real Time Build Order
Export as new Build Order

Massa Terran - Winner!

Build Orders: Liberator Opening 

Get SALT Encoding   

  12  0:00  SCV  
  13  0:12  SCV  
  14  0:23  Supply Depot  
  14  0:24  SCV  
  15  0:41  Refinery  
  15  0:45  SCV  
  15  0:46  Barracks  
  16  0:57  SCV  
  17  1:07  Refinery  
  17  1:09  SCV  
  18  1:21  SCV  
  19  1:33  Reaper, SCV  
  21  1:49  Command Center  
  21  2:01  Factory  
  22  2:09  Barracks Reactor  
  21  2:18  Orbital Command  
  21  2:27  Supply Depot  
  21  2:46  Starport  
  21  2:53  Hellion  
  23  3:02  Hellion  
  25  3:05  SCV  
  26  3:14  Hellion  
  28  3:42  Liberator, Medivac  
  28  3:44  Hellion  
  28  3:47  Orbital Command  
  28  3:48  SCV  
  36  3:56  Engineering Bay  
  36  3:57  Marine  
  37  4:04  SCV  
  37  4:06  Widow Mine  
  40  4:17  Barracks Tech Lab  
  40  4:20  Barracks  
  36  4:38  Marauder  
  30  4:59  Marauder  
  30  5:06  Widow Mine  
  29  5:10  SCV x2  
  31  5:20  Marauder  
  25  5:50  SCV  
  23  6:02  SCV  
  18  6:16  SCV  
  17  6:28  SCV  
  12  6:40  SCV  
  11  6:53  Orbital Command  
  7  7:03  Hellion  
  7  7:25  Hellion  
  9  7:51  Hellion  
  13  8:14  Widow Mine  
  11  8:35  Widow Mine  
  2  9:10  Widow Mine  
  2  9:12  Marine  
  2  9:13  Marine  
  6  9:32  Widow Mine  
  6  10:37  Widow Mine  
  8  11:00  Widow Mine  
  4  11:21  Widow Mine  
  4  11:53  Widow Mine  
Show
View Real Time Build Order
Export as new Build Order

qqq Zerg - Winner!

Build Orders: Hatch First 

Get SALT Encoding   

  12  0:00  Drone  
  13  0:11  Drone  
  14  0:23  Overlord  
  14  0:49  Hatchery  
  13  0:54  Drone  
  13  0:55  Drone  
  15  1:17  Drone x3  
  17  1:27  Spawning Pool  
  17  1:28  Extractor  
  17  1:30  Drone  
  16  1:39  Drone  
  17  1:50  Drone  
  18  2:01  Drone  
  19  2:04  Drone  
  20  2:14  Queen  
  24  2:16  Drone  
  24  2:21  Drone  
  26  2:24  Overlord  
  24  2:31  Lair  
  24  2:35  Roach Warren  
  23  2:38  Drone  
  23  2:40  Drone  
  25  2:49  Queen  
  27  2:55  Drone  
  27  2:56  Drone  
  29  3:01  Overlord  
  29  3:07  Drone  
  29  3:08  Drone  
  31  3:13  Drone  
  31  3:15  Extractor  
  31  3:18  Overlord  
  31  3:21  Overlord  
  31  3:26  Roach  
  33  3:29  Roach  
  33  3:33  Drone  
  36  3:35  Roach  
  36  3:38  Roach  
  40  3:46  Evolution Chamber, Roach  
  41  3:50  Roach  
  41  3:55  Roach  
  45  3:59  Roach  
  45  4:02  Roach  
  49  4:06  Glial Reconstitution  
  49  4:11  Drone  
  49  4:13  Drone  
  49  4:15  Drone  
  52  4:19  Overlord  
  47  4:57  Spore Crawler  
  45  5:01  Spore Crawler  
  44  5:10  Drone x3, Roach x3  
  44  5:11  Drone x4  
  54  5:26  Drone x2  
  56  5:32  Spore Crawler  
  53  5:36  Spore Crawler  
  53  5:38  Spore Crawler  
  53  5:42  Roach x3  
  55  5:45  Queen  
  55  5:46  Queen  
  59  5:56  Hydralisk Den  
  59  5:57  Drone, Roach x2  
  63  6:09  Drone x2  
  65  6:25  Drone x3  
  68  6:33  Overlord  
  68  6:53  Hydralisk  
  68  6:54  Hydralisk x3  
  68  6:55  Hatchery  
  75  7:07  Overlord x4  
  75  7:51  Spire  
  75  7:54  Hydralisk x2  
  75  7:55  Spine Crawler x2, Roach x2  
  75  7:56  Roach x3  
  86  8:07  Spine Crawler x2  
  86  8:08  Drone, Spine Crawler  
  84  8:17  Queen  
  74  8:58  Roach x8  
  74  8:59  Roach  
  68  9:11  Roach x2  
  70  9:24  Mutalisk x2  
  60  9:34  Roach x2  
  60  9:37  Drone x3  
  67  9:54  Roach x4  
  67  9:55  Roach  
  75  10:07  Mutalisk x2  
  77  10:25  Mutalisk x2  
  77  10:28  Drone, Roach x4  
  86  10:41  Roach  
  86  10:52  Drone, Roach x3  
  86  10:53  Drone x3  
  96  11:03  Corruptor  
  96  11:07  Overlord x2  
  96  11:46  Mutalisk x2  
  90  12:05  Drone x2, Roach x4  
  90  12:06  Drone x2  
Tags
 
Add a new tag
Caveats
  • Supply blocks, unpowered buildings, or Contaminate may cause inaccurate times.
  • Supply counts are checked every 10 seconds.